[Event "Early-Titled-Tuesday-Blitz-July-09-2024"]
[Site "Chess.com"]
[Date "2024.07.09"]
[Round "3"]
[White "mapleaff"]
[Black "Mr_ruthless"]
[Result "1-0"]
[WhiteElo "2348"]
[BlackElo "2507"]
[TimeControl "180+1"]
[EndTime "8:29:51 PDT"]
[Termination "mapleaff won by resignation"]

1. d4 d5 2. Bf4 Nf6 3. Nf3 c5 4. e3 Nc6 5. Nbd2 e6 6. c3 Bd6 7. Bg3 O-O 8. Bd3 Re8 9. Ne5 Bxe5 10. dxe5 Nd7 11. Nf3 b6 12. O-O a5 13. Bh4 Qc7 14.
Bxh7+ Kxh7 15. Ng5+ Kg8 16. Qh5 Nf8 17. f4 Ba6 18.
Rf3 Be2 19. Raf1 d4 20. Ne4 Bxf3 21. Rxf3 f5 22. Nf6+ gxf6 23. Rg3+ Ng6 24. Rxg6+ Kf8 25. Qh8+ Ke7 26. Rg7+ Kd8 27. Bxf6+ Ne7 28. Bxe7+ Qxe7 29. Qh7 Qxg7 30. Qxg7 dxe3 31. Qb7 Rc8 32. Qxb6+ Ke7 33.
Kf1 Red8 34. Ke2 Rd2+ 35. Kxe3 Rcd8 36. Qxc5+ Kf7 37. Qc7+ Kg6 38. Qc4 Rxb2 39. Qxe6+ Kh7 40. Qe7+ 1-0

[Event "Early-Titled-Tuesday-Blitz-July-09-2024"]
[Site "Chess.com"]
[Date "2024.07.09"]
[Round "3"]
[White "Goryachkina"]
[Black "EpicWarrior2015"]
[Result "1-0"]
[WhiteElo "2679"]
[BlackElo "2435"]
[TimeControl "180+1"]
[EndTime "8:29:52 PDT"]
[Termination "Goryachkina won by resignation"]

1. e4 c5 2. Nf3 Nf6 3. e5 Nd5 4.
d4 cxd4 5. Qxd4 e6 6. a3 Nc6 7. Qe4 f5 8. exf6 Nxf6 9. Qd3 d5 10. Nc3 Be7 11. Bg5 Qb6 12. O-O-O Bd7 13. h3 O-O-O 14. Nb5 a6 15. Nbd4 Rhe8 16. Nxc6 Bxc6 17. Ne5 Bd6 18. Nf7 Rd7 19. Nxd6+ Rxd6 20. f3 Qc7 21. Qd2 e5 22. Be2 Red8 23. Rhe1 e4 24. Bf4 Qe7 25. Bxd6 Qxd6 26. fxe4 Nxe4 27. Qd4 Qe7 28.
Kb1 Kb8 29. Bf3 Kc7 30. Bxe4 dxe4 31. Qxd8+ Qxd8 32. Rxd8 Kxd8 33. Kc1 Ke7 34. Kd2 Kd6 35. Ke3 Ke5 36. Rf1 Bd5 37. b3 Be6 38. Rf8 h5 39. Rb8 Bd5 40. c4 Bc6 41. b4 g6 42.
b5 axb5 43. cxb5 Bxb5 44. Rxb7 Bd3 45. a4 Kd5 46. a5 Kc5 47. Rg7 Kb5 48. Rxg6 Kxa5 49.
Rg5+ Kb6 50. Rxh5 Kc6 51. Re5 Kd6 52. Rxe4 Bf1 53. Rg4 Ke6 54. Kf4 Kf6 55. h4 Bd3 56. Rg5 Kf7 57. h5 Bh7 58. g4 Kf8 59. h6 Kf7 60.
Rg7+ Kf8 61. Rxh7 Kg8 62. Rb7 Kh8 63. g5 Kg8 64. g6 1-0

[Event "Early-Titled-Tuesday-Blitz-July-09-2024"]
[Site "Chess.com"]
[Date "2024.07.09"]
[Round "3"]
[White "FXDon77"]
[Black "FoxOnTheRun97"]
[Result "1-0"]
[WhiteElo "2862"]
[BlackElo "2625"]
[TimeControl "180+1"]
[EndTime "8:29:53 PDT"]
[Termination "FXDon77 won by resignation"]

1. e4 c6 2. d4 d5 3. f3 g6 4. Nc3 Bg7 5. e5 h5 6. Be3 Nh6 7. Bf2 b5 8. Bd3 Bf5 9. Bxf5 Nxf5 10.
g4 hxg4 11. fxg4 Nh4 12. Nf3 Nxf3+ 13. Qxf3 e6 14. h4 Nd7 15. h5 gxh5 16. gxh5 Bh6 17. Be3 b4 18. Na4 c5 19. Nxc5 Nxc5 20. dxc5 Bg7 21.
Qg3 Bf8 22. O-O-O Rc8 23. Kb1 Qc7 24. h6 Bxc5 25. Qg7 Rf8 26. h7 Bxe3 27. Qxf8+ Kxf8 28. h8=Q+ Ke7 29. Qf6+ Kd7 30. Qxf7+ Kc6 31. Qxe6+ Kb5 32. Rxd5+ Bc5 33. Qd7+ Qxd7 34. Rxd7 Re8 35. Re1 Kc6 36. e6 Rxe6 37. Rxe6+ Kxd7 38. Re4 Kc6 39. b3 Kd5 40. Rc4 Kd6 41. a3 bxa3 42. Ka2 Kd5 43. Ra4 Kc6 44. b4 Kb5 45. bxc5 1-0

[Event "Early-Titled-Tuesday-Blitz-July-09-2024"]
[Site "Chess.com"]
[Date "2024.07.09"]
[Round "3"]
[White "xh4823"]
[Black "ozates"]
[Result "0-1"]
[WhiteElo "2373"]
[BlackElo "2608"]
[TimeControl "180+1"]
[EndTime "8:29:53 PDT"]
[Termination "ozates won on time"]

1. d4 Nf6 2. c4 g6 3. Nc3 Bg7 4. e4 d6 5. Bd3 O-O 6. Nge2 c5 7. d5 e6 8. O-O exd5 9. cxd5 Re8 10. a4 Na6 11. Bg5 Nb4 12. f4 Qa5 13. Bb5 Rf8 14. e5 Ng4 15. exd6 Ne3 16. Qd2 Nxf1 17. Rxf1 a6 18.
d7 axb5 19. dxc8=Q Raxc8 20. Nxb5 Qb6 21. Kh1 f6 22. Bh4 Rfd8 23. Nec3 c4 24. f5 Nd3 25.
d6 g5 26. Bg3 Rc5 27. Qe3 Qc6 28. Qe6+ Kh8 29. Ne4 Rd5 30. Nxf6 Nc5 31. Qf7 R5xd6 32. Nxd6 Rf8 33. Qe7 Rxf6 34. Nf7+ Rxf7 35. Qxf7 Nd7 0-1

[Event "Early-Titled-Tuesday-Blitz-July-09-2024"]
[Site "Chess.com"]
[Date "2024.07.09"]
[Round "3"]
[White "klercaku"]
[Black "Bilan_Danila"]
[Result "0-1"]
[WhiteElo "2388"]
[BlackElo "2588"]
[TimeControl "180+1"]
[EndTime "8:29:53 PDT"]
[Termination "Bilan_Danila won by resignation"]

1. e4 c5 2. Nf3 a6 3. d4 cxd4 4. Nxd4 Nf6 5. Nc3 e5 6. Nf5 d5 7. Ng3 d4 8. Nce2 Nc6 9. f4 Bc5 10. fxe5 Nxe5 11. Nf4 O-O 12. Nd3 Bd6 13. Be2 Qc7 14. O-O Neg4 15. Nf4 Ne3 16. Bxe3 dxe3 17. Nd3 Bxg3 18. hxg3 Nxe4 19. Rf3 Nxg3 20. Qe1 Nxe2+ 21. Qxe2 Bg4 22. Qxe3 Bxf3 23. Qxf3 Qxc2 24. Rf1 Rad8 25. Nf4 Qc5+ 26. Kh1 Rd6 27. g3 b5 28. Kg2 Qc6 29.
Qxc6 Rxc6 30. Nd5 Rc2+ 31. Kh3 Rxb2 32. a3 Rb3 33. Ne7+ Kh8 34. Nc6 Rxa3 35. Ne5 Kg8 36. Nc6 g6 37. Ne7+ Kg7 38. Nd5 Rd8 39. Nf6 Rdd3 40.
Ne4 f5 41. Ng5 Rxg3+ 42. Kh2 Rxg5 0-1

[Event "Early-Titled-Tuesday-Blitz-July-09-2024"]
[Site "Chess.com"]
[Date "2024.07.09"]
[Round "3"]
[White "profedechess93"]
[Black "malakismayil"]
[Result "1-0"]
[WhiteElo "2629"]
[BlackElo "2525"]
[TimeControl "180+1"]
[EndTime "8:29:54 PDT"]
[Termination "profedechess93 won on time"]

1. e4 e5 2. Nf3 Nc6 3. Bc4 Bc5 4. b4 Bxb4 5. c3 Be7 6. Qb3 Na5 7. Bxf7+ Kf8 8. Qa4 Kxf7 9. Nxe5+ Ke8 10. Qxa5 Nf6 11. O-O d6 12. Nf3 c6 13. Qa4 Qc7 14. Re1 Kf8 15.
e5 dxe5 16. Nxe5 Bd6 17. Ba3 c5 18. d4 Bf5 19. Nd2 a6 20. Qb3 b5 21. Bxc5 Bxc5 22.
dxc5 Re8 23. Ndf3 g6 24. Qa3 a5 25. c6+ Kg7 26. Qc5 Re6 27. Qxb5 Rb8 28. Qc5 Rbe8 29.
Rad1 R8e7 30. h3 h6 31. Qd4 Kh7 32. g4 Bxg4 33. hxg4 Ne8 34. Nd3 Ng7 35. Rxe6 Rxe6 36. Qf4 Qxc6 37. Nde5 Qxc3 38. Rd7 Qa1+ 39. Kg2 Qxa2 40.
Qf7 1-0

[Event "Early-Titled-Tuesday-Blitz-July-09-2024"]
[Site "Chess.com"]
[Date "2024.07.09"]
[Round "3"]
[White "DawidCzerw"]
[Black "glucolisis04"]
[Result "1-0"]
[WhiteElo "2499"]
[BlackElo "2292"]
[TimeControl "180+1"]
[EndTime "8:29:55 PDT"]
[Termination "DawidCzerw won on time"]

1. e4 c5 2. Be2 Nc6 3. f4 e6 4.
Nf3 d5 5. d3 dxe4 6. dxe4 Qxd1+ 7. Bxd1 Nf6 8. Nbd2 Be7 9. c3 b6 10. Ba4 Bd7 11. O-O O-O-O 12. Re1 Kc7 13. a3 Na5 14. Bc2 Rhf8 15. b4 Nb7 16. Nc4 Bc6 17. Nfe5 Nd7 18. Nxc6 Kxc6 19. e5 Kc7 20. Be4 Nb8 21. b5 f5 22.
exf6 Bxf6 23. f5 e5 24. Ne3 Nd6 25. Nd5+ Kc8 26. Nxf6 gxf6 27. Bd3 c4 28. Be2 Nd7 29. Bh6 Rg8 30. Rad1 Nc5 31. Be3 Nce4 32. a4 Nxc3 33. Rc1 Nxe2+ 34. Rxe2 Kb7 35. Rd2 Nxf5 36. Rxd8 Rxd8 37.
Kf2 Nxe3 38. Kxe3 Rd4 39. Rf1 c3 40. Rc1 1-0

[Event "Early-Titled-Tuesday-Blitz-July-09-2024"]
[Site "Chess.com"]
[Date "2024.07.09"]
[Round "3"]
[White "SirStrateg"]
[Black "ImportedItalianMaple"]
[Result "0-1"]
[WhiteElo "2671"]
[BlackElo "2480"]
[TimeControl "180+1"]
[EndTime "8:29:56 PDT"]
[Termination "ImportedItalianMaple won by resignation"]

1. d4 g6 2. Bg5 Bg7 3. c3 d6 4. Nf3 h6 5. Bh4 b6 6. Nbd2 Bb7 7. e4 g5 8. Bg3 Nd7 9. Bd3 e5 10. h4 g4 11. Nh2 h5 12. d5 f5 13. exf5 Bxd5 14. Be4 Ngf6 15. Bxd5 Nxd5 16. Ne4 Nf4 17.
Ng5 Qf6 18. Bxf4 exf4 19. Ne6 Nc5 20. Nxc7+ Kd7 21. Nxa8 Re8+ 22. Kd2 Qxf5 23. Re1 Rxa8 24. Qe2 Be5 25. f3 g3 26. Nf1 Re8 27. Qb5+ Kd8 28.
Rad1 Qe6 29. Kc2 Kc7 30. Nd2 a6 31. Qc4 d5 32. Qf1 Qf5+ 33. Ne4 dxe4 34. fxe4 Nxe4 35. Qd3 Nd6 36. a4 f3 37. gxf3 g2 38. Qxf5 Nxf5 39. f4 Bxf4 40. Rxe8 Ne3+ 41. Rxe3 Bxe3 42. Kd3 g1=Q 43.
Rxg1 Bxg1 44. Ke4 Bf2 45. Kf5 Bxh4 46. Kg6 Be1 47. Kxh5 Kc6 48. Kg4 Kc5 49. Kf3 Kc4 50. Ke2 Bxc3 51. bxc3 Kxc3 0-1

[Event "Early-Titled-Tuesday-Blitz-July-09-2024"]
[Site "Chess.com"]
[Date "2024.07.09"]
[Round "3"]
[White "GM_Huschenbeth"]
[Black "snowlord"]
[Result "0-1"]
[WhiteElo "2513"]
[BlackElo "2914"]
[TimeControl "180+1"]
[EndTime "8:29:57 PDT"]
[Termination "snowlord won on time"]

1. e4 Nf6 2. e5 Nd5 3. d4 d6 4.
Bc4 Nb6 5. Bb3 a5 6. a4 dxe5 7. Qh5 e6 8. dxe5 Nc6 9. Nf3 g6 10. Qg4 h5 11. Qe4 Nd7 12. Bg5 Be7 13. Bxe7 Qxe7 14. O-O Nc5 15. Qe3 Nxb3 16. cxb3 Nb4 17. Na3 Nd5 18. Qe2 b6 19. Nb5 Kf8 20. Rac1 Bb7 21.
Nbd4 c5 22. Nb5 Nf4 23. Qe3 g5 24. Nd6 Bd5 25. Ne4 Rg8 26. Nf6 Rg6 27. Nxg5 Rxg5 28.
Qxf4 Rxg2+ 29. Kh1 Qxf6 30. Qxf6 Rxf2+ 31. Kg1 Rg2+ 32. Kh1 Rg6+ 33. Qf3 Rd8 34. h3 Kg7 35. Kh2 Bxf3 36. Rxf3 Rd2+ 37. Kh1 Rxb2 38. Rcf1 Kh6 39. Rxf7 Rxb3 40. Kh2 Rb2+ 41. Kh1 Re2 42. R1f6 Rxe5 43. Rxg6+ Kxg6 44. Rb7 Re3 45. Rxb6 Rxh3+ 46. Kg2 Re3 47. Rc6 Re4 0-1

[Event "Early-Titled-Tuesday-Blitz-July-09-2024"]
[Site "Chess.com"]
[Date "2024.07.09"]
[Round "3"]
[White "RantomOpening"]
[Black "JJDAREK"]
[Result "0-1"]
[WhiteElo "2581"]
[BlackElo "2347"]
[TimeControl "180+1"]
[EndTime "8:29:57 PDT"]
[Termination "JJDAREK won by resignation"]

1. Nc3 g6 2. e4 Bg7 3. h4 h5 4. d4 a6 5. Be3 b5 6. f3 d6 7. Qd2 Nd7 8. g4 hxg4 9. fxg4 Bb7 10. Bg2 Ngf6 11. Bf3 b4 12. Nd5 Nxd5 13. exd5 Nb6 14. Qxb4 Bxd5 15. h5 gxh5 16. gxh5 Bxf3 17.
Nxf3 Nd5 18. Qa4+ Qd7 19. Qxd7+ Kxd7 20. Bd2 Bh6 21. Ke2 Rag8 22. Rh2 Bxd2 23. Kxd2 Rg3 24. Rf1 Rh6 25. c4 Nf4 26. Nh4 Rg4 27. Nf5 Rxh5 28. Nh4 Rhxh4 29. Rhf2 Nh3 30. Rxf7 Rxd4+ 31. Kc3 Rxc4+ 32. Kb3 Rb4+ 33. Kc3 Rbf4 34. R7xf4 Rxf4 35. Rh1 Nf2 36. Rh5 Ne4+ 37. Kd3 Nc5+ 38. Kc3 Rf3+ 39. Kc4 Rf2 40. b4 Ne4 41. Ra5 e5 42. Rxa6 Nd2+ 43.
Kd3 e4+ 44. Ke3 Rh2 45. a4 d5 46. Rg6 Nc4+ 47. Kd4 Rd2+ 48. Kc5 e3 49. Rg7+ Ke6 50. Rg8 Kf7 51. Rg1 e2 52. Re1 Ne3 53. a5 Ng2 54. Rxe2 Rxe2 55. Kxd5 Ra2 56. Kc6 Ne3 57. Kxc7 Nd5+ 58. Kc6 Nxb4+ 59. Kb5 Nd5 60. a6 Nc7+ 61.
Kb6 Nxa6 62. Kb7 Ke6 63. Kb6 Kd5 64. Kb7 Rb2+ 65. Kc8 Kc6 66. Kd8 Re2 0-1

[Event "Early-Titled-Tuesday-Blitz-July-09-2024"]
[Site "Chess.com"]
[Date "2024.07.09"]
[Round "3"]
[White "Rakhmanov_Aleksandr"]
[Black "xakevicius91"]
[Result "1-0"]
[WhiteElo "2846"]
[BlackElo "2600"]
[TimeControl "180+1"]
[EndTime "8:29:58 PDT"]
[Termination "Rakhmanov_Aleksandr won by resignation"]

1. c4 e6 2. Nc3 Bb4 3. Nf3 Bxc3 4. bxc3 f5 5. g3 b6 6. Bg2 Bb7 7. O-O Nf6 8. d3 O-O 9. a4 a5 10. Rb1 d6 11. Re1 Nbd7 12. Nd4 Bxg2 13. Nxe6 Qe8 14. Nxf8 Bc6 15. Nxd7 Bxd7 16. Ra1 Qh5 17. f3 Qh3 18. e4 fxe4 19. dxe4 Be6 20. Bg5 Nd7 21. Bf4 h6 22. e5 g5 23. Be3 Nxe5 24. Bd4 Ng6 25. Qd3 Bf5 26. Qe2 Rf8 27. Qf2 Bg4 28. Re3 Nf4 29.
gxf4 gxf4 30. Rd3 h5 31. Qg2 Qh4 32. fxg4 hxg4 33. Rf1 Kh7 34. Kh1 f3 35. Qg3 Qh5 36.
Rd2 Qg5 37. Rdf2 c5 38. Rg1 cxd4 39. cxd4 Rf4 40. h3 Qh6 41. Rh2 Kg6 42. hxg4 Qg5 43.
Rh5 Qf6 44. Qh2 Kf7 45. Rh7+ Ke6 46. g5 Qf5 47. Qh6+ 1-0

[Event "Early-Titled-Tuesday-Blitz-July-09-2024"]
[Site "Chess.com"]
[Date "2024.07.09"]
[Round "3"]
[White "chessmachine14"]
[Black "IsuruAlahakoon"]
[Result "0-1"]
[WhiteElo "2234"]
[BlackElo "2435"]
[TimeControl "180+1"]
[EndTime "8:29:58 PDT"]
[Termination "IsuruAlahakoon won on time"]

1. e4 d5 2. exd5 Qxd5 3. Nc3 Qa5 4. d4 Nf6 5. Nf3 Bg4 6. h3 Bh5 7. g4 Bg6 8. Ne5 e6 9. Bg2 c6 10. h4 Be4 11. f3 Bd5 12. Bd2 Bb4 13. h5 Nbd7 14. Nd3 Bxc3 15. Bxc3 Qc7 16. Ne5 Nxe5 17. dxe5 Nd7 18. Qe2 O-O-O 19. O-O-O Nb6 20. b3 c5 21. Kb1 c4 22. Bf1 Kb8 23. Ba5 Rc8 24.
Bb4 Qc6 25. Bg2 Ka8 26. Rhg1 Qb5 27. Bd6 Na4 28. Qe3 cxb3 29. cxb3 Nc3+ 30. Kb2 Nxd1+ 31.
Rxd1 Rc6 32. Bf1 Qa5 33. Qd2 Qxd2+ 34. Rxd2 Rhc8 35. f4 Rc1 36. Bb5 Be4 37. Bc4 Rg1 38.
Rd4 Bc6 39. f5 Rg2+ 40. Ka3 b5 41. fxe6 bxc4 42. exf7 Rf2 43. e6 c3 44. Bf4 c2 45.
Bc1 Rf1 0-1

[Event "Early-Titled-Tuesday-Blitz-July-09-2024"]
[Site "Chess.com"]
[Date "2024.07.09"]
[Round "3"]
[White "MarijaKuznecova"]
[Black "2400FM"]
[Result "1-0"]
[WhiteElo "2423"]
[BlackElo "2107"]
[TimeControl "180+1"]
[EndTime "8:29:58 PDT"]
[Termination "MarijaKuznecova won by resignation"]

1. e4 c5 2. Nf3 d6 3. d4 cxd4 4. Nxd4 Nf6 5. Nc3 a6 6. Be3 e5 7. Nb3 Be6 8. f3 h5 9. Qd2 Nbd7 10. Nd5 Bxd5 11. exd5 g6 12. Na5 Qc7 13. c4 Bg7 14. Bd3 O-O 15. O-O e4 16. fxe4 Ne5 17. b4 Nfg4 18.
Rac1 Nxe3 19. Qxe3 Ng4 20. Qe1 Rae8 21. h3 Bd4+ 22.
Kh1 Ne3 23. Rf3 Nf5 24. Qd2 Ng7 25. Rcf1 Re7 26. Nb3 Be5 27. c5 h4 28. Qg5 Nh5 29.
Qxh4 Kg7 30. g4 Rh8 31. gxh5 Rxh5 32. Qg4 b6 33. c6 b5 34. Rg1 Re8 35. Qxh5 Rh8 36.
Qg4 Qb6 37. Nd2 Qd4 38. Rgf1 f6 39. c7 Qb2 40. c8=Q Rxc8 41. Qxc8 Qxd2 42. Qc2 Qh6 43. Qg2 Qe3 44. Rxe3 1-0

[Event "Early-Titled-Tuesday-Blitz-July-09-2024"]
[Site "Chess.com"]
[Date "2024.07.09"]
[Round "3"]
[White "edgarhay012"]
[Black "KhBegmuratov"]
[Result "1/2-1/2"]
[WhiteElo "2709"]
[BlackElo "2899"]
[TimeControl "180+1"]
[EndTime "8:29:59 PDT"]
[Termination "Game drawn by repetition"]

1. e4 e5 2. Nf3 Nc6 3. Bb5 a6 4.
Ba4 Nf6 5. O-O Nxe4 6. Re1 Nc5 7.
Bxc6 dxc6 8. Nxe5 Be6 9. d4 Nd7 10. Bf4 Nxe5 11. Bxe5 Qd7 12. Nc3 O-O-O 13. Ne4 f6 14. Bg3 h5 15. h3 h4 16. Bh2 Kb8 17. c3 Bd5 18. Qd2 Be7 19. b3 g5 20. Nc5 Bxc5 21.
dxc5 g4 22. c4 Be6 23. Qxd7 Bxd7 24. hxg4 Bxg4 25. Re7 Rd7 26. Rxd7 Bxd7 27. Re1 Re8 28. Rxe8+ Bxe8 29. Kf1 Kc8 30. Ke2 Bg6 31. a3 Kd7 32.
Ke3 a5 33. b4 a4 34. Bf4 Bc2 35. Kd4 b5 36. cxb5 cxb5 37. f3 Bf5 38. Be3 c6 39. Bf2 h3 40. gxh3 Bxh3 41. Bh4 Ke6 42. f4 Bg2 43. Be1 Kf5 44. Ke3 Bd5 45. Bf2 Bc4 46. Be1 Bf1 47. Bd2 Ke6 48. Kd4 Bg2 49. Be1 Kf5 50.
Ke3 Kg4 51. Bf2 Bd5 52. Be1 Kh3 53. Kf2 Be4 54. Ke3 Bg2 55. Bf2 Bd5 56. Be1 Kg2 57.
Bh4 f5 58. Be1 Kf1 59. Bh4 Be4 60. Bg3 Bd5 61. Bh4 Be4 62. Bg3 Bd5 63. Bh4 1/2-1/2

[Event "Early-Titled-Tuesday-Blitz-July-09-2024"]
[Site "Chess.com"]
[Date "2024.07.09"]
[Round "3"]
[White "TigrVShlyape"]
[Black "MKlose11"]
[Result "1/2-1/2"]
[WhiteElo "2980"]
[BlackElo "2666"]
[TimeControl "180+1"]
[EndTime "8:29:59 PDT"]
[Termination "Game drawn by repetition"]

1. e4 e6 2. d4 d5 3. Nc3 Bb4 4.
e5 Ne7 5. a3 Bxc3+ 6. bxc3 b6 7. Qg4 Ng6 8. h4 h5 9. Qd1 Ba6 10. Bxa6 Nxa6 11. Bg5 Qd7 12. Ne2 Ne7 13. Ng3 g6 14. a4 Nb8 15. Bf6 Rg8 16. a5 Nbc6 17. axb6 cxb6 18. O-O O-O-O 19. Qd3 Kb8 20. Rfb1 Rc8 21.
c4 dxc4 22. Qxc4 Nxd4 23. Qa6 Nec6 24. c3 Nf5 25. Ne4 Qb7 26. Qb5 Rc7 27. Nc5 bxc5 28. Qxc5 Nb4 29. Qa5 Rc4 30. Ra4 Ka8 31. Raxb4 Rxb4 32.
Rxb4 Qc6 33. c4 Rb8 34. Rxb8+ Kxb8 35. Qb4+ Qb7 36. Qf8+ Qc8 37. Qxf7 Qxc4 38. Bg5 a5 39. Qxg6 a4 40. Qe8+ Kb7 41. Qd7+ Kb8 42. Qd8+ Kb7 43.
Qa5 Qb3 44. Bd8 a3 45. Qc7+ Ka6 46. Qc6+ Ka7 47. Qc7+ Ka6 48. Qc6+ Ka7 49. Qc7+ Ka6 1/2-1/2

[Event "Early-Titled-Tuesday-Blitz-July-09-2024"]
[Site "Chess.com"]
[Date "2024.07.09"]
[Round "3"]
[White "Orest_Vovk"]
[Black "MrEscacs"]
[Result "1-0"]
[WhiteElo "2541"]
[BlackElo "2197"]
[TimeControl "180+1"]
[EndTime "8:29:59 PDT"]
[Termination "Orest_Vovk won by resignation"]

1. e4 Nf6 2. e5 Nd5 3. g4 d6 4. d4 g6 5. Bg2 c6 6. h3 dxe5 7. dxe5 Bg7 8. f4 O-O 9. Nf3 f6 10. O-O fxe5 11. Nxe5 Be6 12. c4 Nb6 13. Qxd8 Rxd8 14. b3 N8d7 15. Bb2 Nxe5 16. Bxe5 Bxe5 17. fxe5 Rd3 18. Na3 Nd7 19. Rad1 Re3 20. Rfe1 Rxe1+ 21. Rxe1 a5 22. Nc2 Kg7 23. Nd4 Bg8 24. e6 Nc5 25. Re5 Na6 26. Rxa5 Rd8 27. Nxc6 Rd1+ 28. Kh2 Bxe6 29.
Nxe7 Rd2 30. Nd5 h5 31. gxh5 gxh5 32. Rb5 Rxa2 33. Rxb7+ Kg6 34. Rb6 Kf7 35. Nf4 Nc5 36. Nxe6 Nxe6 37. Kg3 Re2 38. Bd5 Re3+ 39. Kf2 Re5 40.
Rxe6 Rxe6 41. Bxe6+ Kxe6 42. Kf3 Kd6 43. Kf4 Kc5 44. Kg5 Kb4 45. Kxh5 1-0

[Event "Early-Titled-Tuesday-Blitz-July-09-2024"]
[Site "Chess.com"]
[Date "2024.07.09"]
[Round "3"]
[White "TitarovVasiliYouTube"]
[Black "ViktoriyaTarasova"]
[Result "0-1"]
[WhiteElo "2523"]
[BlackElo "2377"]
[TimeControl "180+1"]
[EndTime "8:29:59 PDT"]
[Termination "ViktoriyaTarasova won on time"]

1. Nf3 Nf6 2. g3 b6 3. Bg2 Bb7 4. O-O c5 5. c4 e6 6. Nc3 Be7 7. d4 cxd4 8. Nxd4 Bxg2 9. Kxg2 d6 10. e4 O-O 11. b3 Nbd7 12. Bb2 Rc8 13. Qe2 a6 14.
Rfd1 Qc7 15. Rac1 Qb7 16. f3 Rfd8 17. Rd2 Bf8 18. Rcd1 Ne5 19. f4 Nc6 20. Nxc6 Qxc6 21. a4 Nd7 22. Ba3 Nc5 23. Bxc5 bxc5 24. Rb2 Rb8 25.
Qf3 Rb7 26. Rd3 Rdb8 27. Ne2 Rb4 28. Nc1 Qc7 29. Rbd2 R4b6 30. e5 dxe5 31. Rd7 Qc6 32. fxe5 Qxf3+ 33. Kxf3 g6 34. h4 Bh6 35. Rd8+ Kg7 36.
Rxb8 Rxb8 37. Rc2 Bxc1 38. Rxc1 Rxb3+ 39. Kf4 Rb4 40. a5 Ra4 41. Ke4 Rxa5 42. Rb1 Ra4 43. Kd3 Ra3+ 0-1

[Event "Early-Titled-Tuesday-Blitz-July-09-2024"]
[Site "Chess.com"]
[Date "2024.07.09"]
[Round "3"]
[White "2KTNGO"]
[Black "neistoviupryam"]
[Result "1-0"]
[WhiteElo "2593"]
[BlackElo "2327"]
[TimeControl "180+1"]
[EndTime "8:29:59 PDT"]
[Termination "2KTNGO won by resignation"]

1. d4 d5 2. Bf4 e6 3. e3 f5 4. Nf3 Nf6 5. c4 c6 6. Nc3 Bd6 7. Ne5 Qe7 8. h3 Nbd7 9. g4 O-O 10. gxf5 exf5 11. cxd5 Nxe5 12. dxe5 Bxe5 13. Bxe5 Qxe5 14.
dxc6 bxc6 15. Qb3+ Be6 16. Bc4 Bxc4 17. Qxc4+ Kh8 18. O-O-O Rab8 19. Rd4 c5 20. Rd2 Rb4 21. Qd3 h6 22. Qd6 Qe8 23. Qxc5 Qb8 24. Rhd1 Ne4 25. Qxf8+ Qxf8 26. Rd8 Kg8 27. Rxf8+ Kxf8 28. Nxe4 Rxe4 29. Rd5 g6 30. Rd6 Kf7 31. Rd4 Re7 32. b4 Kf6 33. Kd2 Rc7 34. a4 Ke5 35. b5 g5 36. a5 Rc5 37. Rb4 f4 38. b6 axb6 39. axb6 fxe3+ 40. fxe3 Rc8 41. Kd3 Rd8+ 42. Kc3 Rc8+ 43. Rc4 Rb8 44. Rc6 Ke4 45. Re6+ Kf3 46. Rxh6 Kxe3 47. Kc4 Kf4 48. Kb5 Re8 49. Kc6 Re1 50. b7 Rc1+ 51. Kd7 Rb1 52. Kc7 Kg3 53. b8=Q 1-0

[Event "Early-Titled-Tuesday-Blitz-July-09-2024"]
[Site "Chess.com"]
[Date "2024.07.09"]
[Round "3"]
[White "JosefineHeinemann"]
[Black "BlackBoarder"]
[Result "0-1"]
[WhiteElo "2499"]
[BlackElo "2728"]
[TimeControl "180+1"]
[EndTime "8:30:00 PDT"]
[Termination "BlackBoarder won by resignation"]

1. e4 e6 2. d4 d5 3. Nc3 Bb4 4. e5 Ne7 5. a3 Bxc3+ 6. bxc3 c5 7. Qg4 O-O 8. Bd3 f5 9. exf6 Rxf6 10. Qh5 h6 11. Nf3 Nbc6 12. O-O c4 13. Be2 Bd7 14. a4 Be8 15. Qh3 Bg6 16. Bd1 Qa5 17. Ne5 Bf5 18.
Qg3 Nxe5 19. dxe5 Rf7 20. Bh5 g6 21. Bd1 Kh7 22. Qh4 Ng8 23. g4 Be4 24. Bd2 g5 25.
Bxg5 Qxc3 26. Rb1 Qxe5 27. Bd2 Raf8 28. f4 Qd4+ 29. Qf2 Qxf2+ 30. Rxf2 b6 31. a5 bxa5 32. Ra1 Ne7 33. Rxa5 Ng6 34. f5 exf5 35. gxf5 Nh4 36. f6 Rg8+ 37. Kf1 Bg2+ 38. Ke1 Re8+ 39. Be2 Bf3 40.
Kd1 Rxe2 41. Rxe2 Rxf6 42. Rxa7+ Kg6 43. Bc3 Re6 44. Rg7+ Kh5 0-1

[Event "Early-Titled-Tuesday-Blitz-July-09-2024"]
[Site "Chess.com"]
[Date "2024.07.09"]
[Round "3"]
[White "Bulatova_Kamaliya"]
[Black "Lupul_Cenusiu"]
[Result "0-1"]
[WhiteElo "2341"]
[BlackElo "2707"]
[TimeControl "180+1"]
[EndTime "8:30:00 PDT"]
[Termination "Lupul_Cenusiu won by resignation"]

1. d4 Nf6 2. Bf4 g6 3. Nc3 d5 4.
h4 h5 5. Nf3 Bg7 6. e3 Bg4 7. Be2 Bxf3 8. Bxf3 c6 9. Qd3 Nbd7 10.
O-O-O b5 11. Rdg1 Qa5 12. Kb1 b4 13. Ne2 c5 14. dxc5 Nxc5 15. Qd1 Nce4 16. Qe1 Rc8 17. Be5 Qc5 18. Nd4 O-O 19. Qe2 Ng4 20. Bxg7 Kxg7 21. Bxg4 hxg4 22. h5 e5 23. Nb3 Qc4 24. Qxc4 dxc4 25.
Nc1 Nxf2 26. Rh4 g5 27. h6+ Kg6 28. Rh2 g3 29. Rh3 Nxh3 30. gxh3 f5 31. Rxg3 f4 32.
exf4 exf4 33. Rf3 Rce8 34. c3 bxc3 35. bxc3 Re3 36. Rf1 Rxh3 37. Ne2 f3 38. Nd4 f2 39. Kc2 Rg3 40. Ne2 Re3 41. Kd2 Rd3+ 42. Kc2 g4 43.
h7 Kxh7 44. Rh1+ Kg6 45. Rf1 g3 46. Nc1 Re3 47. Kd2 Re5 48. Ne2 Rd8+ 49. Kc2 Rxe2+ 50. Kc1 Re1+ 51. Rxe1 fxe1=Q+ 0-1

[Event "Early-Titled-Tuesday-Blitz-July-09-2024"]
[Site "Chess.com"]
[Date "2024.07.09"]
[Round "3"]
[White "TheoSlade"]
[Black "FrenchPlayer2203"]
[Result "1-0"]
[WhiteElo "2471"]
[BlackElo "2276"]
[TimeControl "180+1"]
[EndTime "8:30:00 PDT"]
[Termination "TheoSlade won on time"]

1. d4 d5 2. c4 e6 3. Nf3 Nf6 4. g3 Be7 5. Bg2 O-O 6. O-O dxc4 7. Qc2 a6 8. a4 Bd7 9. Qxc4 Bc6 10. Bf4 Nbd7 11.
Nc3 Bd6 12. Rfd1 Bxf4 13. gxf4 Nb6 14. Qd3 Nbd5 15. e3 Qd6 16. Ne5 Nb4 17. Qe2 Bxg2 18. Kxg2 c6 19. Rac1 a5 20. Rg1 Nbd5 21. h3 Nd7 22. Kh2 f6 23. Ne4 Qe7 24. Nxd7 Qxd7 25. Nc5 Qe7 26. Qg4 Rae8 27. Nxe6 Rf7 28. f5 Kh8 29. e4 Nc7 30. Nxc7 Qxc7+ 31. Rg3 Qd6 32. Rd1 Qb4 33. b3 Qe7 34. Re3 Qd6+ 35. e5 fxe5 36. dxe5 Qc7 37. f4 Ref8 38. f6 gxf6 39. e6 Rg7 40.
Qf5 Re8 41. Qxf6 Rg8 42. e7 Qb6 43. Rde1 Qb4 44. e8=Q 1-0

[Event "Early-Titled-Tuesday-Blitz-July-09-2024"]
[Site "Chess.com"]
[Date "2024.07.09"]
[Round "3"]
[White "Vanych"]
[Black "praveenb2002"]
[Result "1-0"]
[WhiteElo "2519"]
[BlackElo "2829"]
[TimeControl "180+1"]
[EndTime "8:30:01 PDT"]
[Termination "Vanych won by resignation"]

1. e4 c6 2. d4 d5 3. e5 Bf5 4. Nf3 e6 5. Be2 c5 6. Be3 cxd4 7. Nxd4 Ne7 8. c4 Nbc6 9. Qa4 a6 10. Nc3 dxc4 11. O-O-O Qa5 12. Qxa5 Nxa5 13. Nxf5 Nxf5 14.
Bb6 Nc6 15. f4 Be7 16. Bxc4 Bd8 17. Bf2 h5 18. Bd3 Nce7 19. Be4 Rb8 20. Ba7 Ra8 21. Bc5 Rb8 22. Rd2 Ba5 23. Rhd1 b5 24. b4 Bd8 25. Ba7 Rc8 26. Bb7 Rxc3+ 27. Kb2 Nd5 28. Bxd5 exd5 29. Kxc3 Be7 30. Rxd5 O-O 31. Kb3 Rc8 32. Bc5 g6 33. Bxe7 Nxe7 34. Rd8+ Rxd8 35. Rxd8+ Kg7 36. Ra8 Nd5 37. g3 Ne3 38. Rxa6 Nf1 39. a4 Nd2+ 40.
Kc2 Nf1 41. axb5 Ne3+ 42. Kd3 Nd5 43. Kc4 Nc7 44. Ra7 Ne6 45. b6 Nd8 46. Rd7 Nc6 47. Rc7 Nd8 48. b7 1-0

[Event "Early-Titled-Tuesday-Blitz-July-09-2024"]
[Site "Chess.com"]
[Date "2024.07.09"]
[Round "3"]
[White "SharathRk6"]
[Black "rhungaski"]
[Result "1-0"]
[WhiteElo "2462"]
[BlackElo "2654"]
[TimeControl "180+1"]
[EndTime "8:30:01 PDT"]
[Termination "SharathRk6 won by resignation"]

1. e4 e6 2. d4 d5 3. e5 Ne7 4. Nf3 b6 5. c3 Qd7 6. Bd3 Ba6 7. O-O Bxd3 8. Qxd3 c5 9. c4 dxc4 10. Qxc4 Nd5 11.
Nc3 Nc6 12. Nxd5 Qxd5 13. Qxd5 exd5 14. Be3 c4 15. Rac1 b5 16. Ng5 h6 17. Nf3 Kd7 18.
Nd2 Bb4 19. Nb1 f5 20. exf6 gxf6 21. a3 Ba5 22. b4 cxb3 23. Rc5 a6 24. Rxd5+ Ke6 25.
Rc5 Ne7 26. Bd2 Bb6 27. Re1+ Kf7 28. Rc3 Bxd4 29. Rc7 Be5 30. Rxe7+ Kxe7 31. f4 Rac8 32. fxe5 fxe5 33. Bc3 Kf7 34. Bxe5 Rhe8 35. Nd2 Rc5 36. Rf1+ Kg6 37. Bd4 Rd5 38. Nxb3 a5 39. Ba1 a4 40.
Nc1 Re3 41. Na2 Rxa3 42. Nc3 Rf5 43. Rb1 Rb3 44. Rxb3 axb3 45. Bb2 b4 46. Ne4 Rf4 47. Nd2 Re4 48. Nxe4 1-0